TOP OF THE 1ST |
Kalamazoo Royale with Cheese batting - Pitching for Jersey Shore D-Bags : RHP Sergio Martínez
|
Pitching: RHP Sergio Martínez
|
|
Batting: RHB Fernando Martínez
|
0-0: Ball 1-0: Swinging Strike 1-1: Foul Ball, location: 2F 1-2: Foul Ball, location: 2F 1-2: Ball 2-2: Ground out 6-3 (Groundball, 6M)
|
Batting: LHB Robinson Fernández
|
0-0: Called Strike 0-1: Foul Ball, location: 2F 0-2: Foul Ball, location: 2F 0-2: Ball 1-2: Ball 2-2: Fly out, F8 (Line Drive, 8LS)
|
Batting: LHB William Ruffo
|
0-0: Called Strike 0-1: Ground out 6-3 (Groundball, 6M)
|
Top of the 1st over - 0 run(s), 0 hit(s), 0 error(s), 0 left on base; Kalamazoo 0 - Jersey Shore 0 |
BOTTOM OF THE 1ST |
Jersey Shore D-Bags batting - Pitching for Kalamazoo Royale with Cheese : RHP Eric Richards
|
Pitching: RHP Eric Richards
|
|
Batting: RHB Ricardo González
|
0-0: Ball 1-0: Foul Ball, location: 2F 1-1: Fly out, F7 (Line Drive, 7LD)
|
Batting: RHB Millard Boyd
|
0-0: Ball 1-0: Ground out 6-3 (Groundball, 6)
|
Batting: LHB Dave Dodd
|
0-0: Foul Ball, location: 2F 0-1: SINGLE (Line Drive, 56)
|
Batting: RHB Matt Doyle
|
0-0: Foul Ball, location: 2F 0-1: Ball Wild Pitch! Dave Dodd to second 1-1: Foul Ball, location: 2F 1-2: Ball 2-2: Fly out, F2 (Popup, 2LF)
|
Bottom of the 1st over - 0 run(s), 1 hit(s), 0 error(s), 1 left on base; Kalamazoo 0 - Jersey Shore 0 |
TOP OF THE 2ND |
Kalamazoo Royale with Cheese batting - Pitching for Jersey Shore D-Bags : RHP Sergio Martínez
|
Batting: LHB Seung-woo Yi
|
0-0: DOUBLE (Flyball, 7LS)
|
Batting: RHB Run-ming Zhu
|
0-0: Ball 1-0: Ground out 6-3 (Groundball, 6)
|
Batting: RHB Miguel Encarnación
|
0-0: Ball 1-0: Swinging Strike 1-1: DOUBLE (Line Drive, 8RM) Seung-woo Yi scores
|
Batting: LHB Bill McJannett
|
0-0: Fly out, F8 (Flyball, 8RS)
|
Batting: RHB Jorge Márquez
|
0-0: Called Strike 0-1: Swinging Strike 0-2: Ball 1-2: Ball 2-2: Ball 3-2: Base on Balls
|
Batting: RHB Andy Aiton
|
0-0: Ball 1-0: Ball 2-0: Called Strike 2-1: Called Strike 2-2: Foul Ball, location: 2F 2-2: Fly out, F7 (Flyball, 7S)
|
Top of the 2nd over - 1 run(s), 2 hit(s), 0 error(s), 2 left on base; Kalamazoo 1 - Jersey Shore 0 |
BOTTOM OF THE 2ND |
Jersey Shore D-Bags batting - Pitching for Kalamazoo Royale with Cheese : RHP Eric Richards
|
Batting: LHB Robert Phillips
|
0-0: Ball 1-0: Foul Ball, location: 2F 1-1: Fly out, F9 (Line Drive, 89D)
|
Batting: RHB Miguel Serna
|
0-0: SOLO HOME RUN (Flyball, 78XD), Distance : 388 ft
|
Batting: LHB Dave Watt
|
0-0: Ball 1-0: Foul Ball, location: 2F 1-1: Foul Ball, location: 2F 1-2: Foul Ball, location: 2F 1-2: Ground out 6-3 (Groundball, 6M)
|
Batting: RHB Owen Carter
|
0-0: Ball 1-0: Ground out 5-3 (Groundball, 5S)
|
Bottom of the 2nd over - 1 run(s), 1 hit(s), 0 error(s), 0 left on base; Kalamazoo 1 - Jersey Shore 1 |
TOP OF THE 3RD |
Kalamazoo Royale with Cheese batting - Pitching for Jersey Shore D-Bags : RHP Sergio Martínez
|
Batting: RHB Fernando Martínez
|
0-0: Ball 1-0: SINGLE (Groundball, 4MD)
|
Batting: LHB Robinson Fernández
|
0-0: Foul Ball, location: 2F 0-1: Ball 1-1: Foul Ball, location: 2F 1-2: Ball Fernando Martínez steals 2nd base 2-2: Ball 3-2: Base on Balls
|
Batting: LHB William Ruffo
|
0-0: Ball 1-0: Ground out 4-3 (Groundball, 13) Fernando Martínez to third Robinson Fernández to second
|
Batting: LHB Seung-woo Yi
|
0-0: Ball 1-0: Called Strike 1-1: Ground out 6-3 (Groundball, 6M) Fernando Martínez scores Robinson Fernández to third
|
Batting: RHB Run-ming Zhu
|
0-0: Ball 1-0: Ball 2-0: Fly out, F5 (Line Drive, 5L)
|
Top of the 3rd over - 1 run(s), 1 hit(s), 0 error(s), 1 left on base; Kalamazoo 2 - Jersey Shore 1 |
BOTTOM OF THE 3RD |
Jersey Shore D-Bags batting - Pitching for Kalamazoo Royale with Cheese : RHP Eric Richards
|
Batting: RHB Cy Keynes
|
0-0: Fly out, F9 (Flyball, 9S)
|
Batting: RHB Ricardo González
|
0-0: Foul Ball, location: 2F 0-1: Ball 1-1: Called Strike 1-2: Fly out, F2 (Popup, 2LF)
|
Batting: RHB Millard Boyd
|
0-0: Called Strike 0-1: Ball 1-1: Called Strike 1-2: Ball 2-2: Ball 3-2: Base on Balls
|
Batting: LHB Dave Dodd
|
0-0: Called Strike 0-1: Foul Ball, location: 2F 0-2: Foul Ball, location: 2F 0-2: Foul Ball, location: 2F 0-2: Ball 1-2: Ball 2-2: Fly out, F4 (Popup, 4D)
|
Bottom of the 3rd over - 0 run(s), 0 hit(s), 0 error(s), 1 left on base; Kalamazoo 2 - Jersey Shore 1 |
TOP OF THE 4TH |
Kalamazoo Royale with Cheese batting - Pitching for Jersey Shore D-Bags : RHP Sergio Martínez
|
Batting: RHB Miguel Encarnación
|
0-0: Ball 1-0: Fly out, F3 (Popup, 23F)
|
Batting: LHB Bill McJannett
|
0-0: Ball 1-0: SINGLE (Line Drive, 89M)
|
Batting: RHB Jorge Márquez
|
0-0: Called Strike 0-1: Foul Ball, location: 2F 0-2: SINGLE (Line Drive, 34D) Bill McJannett to second
|
Batting: RHB Andy Aiton
|
0-0: Ball 1-0: Foul Ball, location: 2F 1-1: Ball 2-1: Foul Ball, location: 2F 2-2: Ball 3-2: Strikes out looking
|
Batting: RHB Fernando Martínez
|
0-0: Ball 1-0: SINGLE (Groundball, 5D) Bill McJannett to third Jorge Márquez to second Runner from 3rd tries for Home, SAFE, no throw or cutoff
|
Batting: LHB Robinson Fernández
|
0-0: Ball 1-0: Ball 2-0: Called Strike 2-1: Swinging Strike 2-2: Foul Ball, location: 2F 2-2: Strikes out swinging
|
Top of the 4th over - 1 run(s), 3 hit(s), 0 error(s), 2 left on base; Kalamazoo 3 - Jersey Shore 1 |
BOTTOM OF THE 4TH |
Jersey Shore D-Bags batting - Pitching for Kalamazoo Royale with Cheese : RHP Eric Richards
|
Batting: RHB Matt Doyle
|
0-0: Called Strike 0-1: Swinging Strike 0-2: Ball 1-2: Ball 2-2: Ball 3-2: Base on Balls
|
Batting: LHB Robert Phillips
|
0-0: Ball 1-0: Called Strike 1-1: Swinging Strike 1-2: Ball 2-2: Strikes out swinging
|
Batting: RHB Miguel Serna
|
0-0: Called Strike 0-1: Foul Ball, location: 2F 0-2: Strikes out swinging
|
Batting: LHB Dave Watt
|
0-0: Ball 1-0: Fly out, F5 (Popup, 5DF)
|
Bottom of the 4th over - 0 run(s), 0 hit(s), 0 error(s), 1 left on base; Kalamazoo 3 - Jersey Shore 1 |
TOP OF THE 5TH |
Kalamazoo Royale with Cheese batting - Pitching for Jersey Shore D-Bags : RHP Sergio Martínez
|
Batting: LHB William Ruffo
|
0-0: Called Strike 0-1: Ball 1-1: Ball 2-1: Called Strike 2-2: SINGLE (Flyball, 6MD) - OUT at second base trying to stretch hit.
|
Batting: LHB Seung-woo Yi
|
0-0: Swinging Strike 0-1: Ball 1-1: Foul Ball, location: 2F 1-2: Foul Ball, location: 2F 1-2: Ground out U3 (Groundball, 3)
|
Batting: RHB Run-ming Zhu
|
0-0: Called Strike 0-1: Fly out, F8 (Flyball, 8RXD)
|
Top of the 5th over - 0 run(s), 1 hit(s), 0 error(s), 0 left on base; Kalamazoo 3 - Jersey Shore 1 |
BOTTOM OF THE 5TH |
Jersey Shore D-Bags batting - Pitching for Kalamazoo Royale with Cheese : RHP Eric Richards
|
Batting: RHB Owen Carter
|
0-0: SINGLE (Groundball, 56D)
|
Batting: RHB Cy Keynes
|
0-0: Called Strike 0-1: Ball 1-1: Ball 2-1: Ball 3-1: Foul Ball, location: 2F 3-2: Foul Ball, location: 2F 3-2: DOUBLE (Line Drive, 7LS) Owen Carter to third
|
Batting: RHB Ricardo González
|
0-0: Ball 1-0: Called Strike 1-1: Fly out, F9 (Flyball, 9M) Runner from 3rd tags up, SCORES, throw made
|
Batting: RHB Millard Boyd
|
0-0: Ball 1-0: SINGLE (Groundball, 56D) Cy Keynes to third Runner from 3rd tries for Home, throw and OUT! Millard Boyd to second
|
Batting: LHB Dave Dodd
|
0-0: Called Strike 0-1: Ball 1-1: Ball 2-1: Ground out 6-3 (Groundball, 6M)
|
Bottom of the 5th over - 1 run(s), 3 hit(s), 0 error(s), 1 left on base; Kalamazoo 3 - Jersey Shore 2 |
TOP OF THE 6TH |
Kalamazoo Royale with Cheese batting - Pitching for Jersey Shore D-Bags : RHP Sergio Martínez
|
Batting: RHB Miguel Encarnación
|
0-0: Foul Ball, location: 2F 0-1: Swinging Strike 0-2: Foul Ball, location: 2F 0-2: SINGLE (Groundball, 6MD) (infield hit)
|
Batting: LHB Bill McJannett
|
0-0: Called Strike 0-1: Ball 1-1: Fielders Choice at 2nd, 3-6 (Groundball, 3)
|
Batting: RHB Jorge Márquez
|
0-0: Ball 1-0: Fly out, F9 (Flyball, 89M)
|
Batting: RHB Andy Aiton
|
0-0: Ball 1-0: Ball 2-0: Called Strike 2-1: Ground out 4-3 (Groundball, 34)
|
Top of the 6th over - 0 run(s), 1 hit(s), 0 error(s), 1 left on base; Kalamazoo 3 - Jersey Shore 2 |
BOTTOM OF THE 6TH |
Jersey Shore D-Bags batting - Pitching for Kalamazoo Royale with Cheese : RHP Eric Richards
|
Batting: RHB Matt Doyle
|
0-0: Ball 1-0: Ball 2-0: Called Strike 2-1: SINGLE (Line Drive, 56D)
|
Batting: LHB Robert Phillips
|
0-0: Ball 1-0: Ball 2-0: Called Strike 2-1: Swinging Strike 2-2: Foul Ball, location: 2F 2-2: Ball 3-2: Fly out, F4 (Line Drive, 34)
|
Batting: RHB Miguel Serna
|
0-0: Ground out 5-3 (Groundball, 56S) Matt Doyle to second
|
Batting: LHB Dave Watt
|
0-0: Ball 1-0: Called Strike 1-1: Called Strike 1-2: Ground out U3 (Groundball, 3L)
|
Bottom of the 6th over - 0 run(s), 1 hit(s), 0 error(s), 1 left on base; Kalamazoo 3 - Jersey Shore 2 |
TOP OF THE 7TH |
Kalamazoo Royale with Cheese batting - Pitching for Jersey Shore D-Bags : RHP Sergio Martínez
|
Pitching: RHP Paco Gutiérrez
|
|
Batting: RHB Fernando Martínez
|
0-0: Called Strike 0-1: Fly out, F8 (Line Drive, 8RM)
|
Batting: LHB Robinson Fernández
|
0-0: Ball 1-0: Fly out, F7 (Flyball, 7S)
|
Batting: LHB William Ruffo
|
0-0: Ball 1-0: Swinging Strike 1-1: Swinging Strike 1-2: Foul Ball, location: 2F 1-2: Strikes out swinging
|
Top of the 7th over - 0 run(s), 0 hit(s), 0 error(s), 0 left on base; Kalamazoo 3 - Jersey Shore 2 |
BOTTOM OF THE 7TH |
Jersey Shore D-Bags batting - Pitching for Kalamazoo Royale with Cheese : RHP Eric Richards
|
Batting: RHB Owen Carter
|
0-0: SOLO HOME RUN (Flyball, 7D), Distance : 361 ft
|
Batting: RHB Cy Keynes
|
0-0: Ball 1-0: SINGLE (Groundball, 6MD)
|
Batting: RHB Ricardo González
|
0-0: Sac Bunt - play at second, runner OUT! 1-6
|
Pinch Hitting: LHB Pat Zimmerman
|
0-0: Foul Ball, location: 2F 0-1: Ball 1-1: Foul Ball, location: 2F 1-2: SINGLE (Groundball, 6MD) Ricardo González to second
|
Pitching: LHP Morgan McDormand
|
|
Batting: LHB Dave Dodd
|
0-0: Fly out, F5 (Line Drive, 56)
|
Batting: RHB Matt Doyle
|
0-0: Ball Balk! Ricardo González to third Pat Zimmerman to second 1-0: Ball 2-0: Ball 3-0: Called Strike 3-1: Base on Balls
|
Pitching: RHP Roberto Ledesma
|
|
Batting: LHB Robert Phillips
|
0-0: Called Strike 0-1: Foul Ball, location: 2F 0-2: Ground out 5-3 (Groundball, 56S)
|
Bottom of the 7th over - 1 run(s), 3 hit(s), 0 error(s), 3 left on base; Kalamazoo 3 - Jersey Shore 3 |
TOP OF THE 8TH |
Kalamazoo Royale with Cheese batting - Pitching for Jersey Shore D-Bags : RHP Paco Gutiérrez
|
Now at SS: John Moore
|
|
Batting: LHB Seung-woo Yi
|
0-0: Called Strike 0-1: DOUBLE (Groundball, 3L)
|
Batting: RHB Run-ming Zhu
|
0-0: Fly out, F2 (Popup, 2RF)
|
Batting: RHB Miguel Encarnación
|
0-0: Swinging Strike 0-1: Ball 1-1: Called Strike 1-2: Strikes out swinging
|
Batting: LHB Bill McJannett
|
0-0: Intentional Walk
|
Pinch Hitting: RHB Juan Mendoza
|
0-0: Ball 1-0: Ball 2-0: Ball 3-0: Called Strike 3-1: Base on Balls Seung-woo Yi to third Bill McJannett to second
|
Batting: RHB Andy Aiton
|
0-0: Ground out U3 (Groundball, 3S)
|
Top of the 8th over - 0 run(s), 1 hit(s), 0 error(s), 3 left on base; Kalamazoo 3 - Jersey Shore 3 |
BOTTOM OF THE 8TH |
Jersey Shore D-Bags batting - Pitching for Kalamazoo Royale with Cheese : RHP Roberto Ledesma
|
Now at SS: Jonathan MacVey
|
|
Batting: RHB Miguel Serna
|
0-0: Foul Ball, location: 2F 0-1: Ground out 4-3 (Groundball, 4)
|
Pitching: LHP Gian-Andrea Nota
|
|
Pinch Hitting: RHB Wilson Martínez
|
0-0: Swinging Strike 0-1: Ball 1-1: Fly out, F7 (Flyball, 7D)
|
Pitching: RHP Fergus Wakeford
|
|
Batting: RHB Owen Carter
|
0-0: Ball 1-0: Foul Ball, location: 2F 1-1: Ball 2-1: Called Strike 2-2: SINGLE (Flyball, 8RS)
|
Batting: RHB Cy Keynes
|
0-0: Called Strike 0-1: Ball 1-1: SINGLE (Groundball, 56D) Owen Carter to second
|
Batting: RHB Ricardo González
|
0-0: Called Strike 0-1: Foul Ball, location: 2F 0-2: Foul Ball, location: 2F 0-2: Foul Ball, location: 2F 0-2: Ball 1-2: DOUBLE (Flyball, 8RD) Owen Carter scores Cy Keynes to third Runner from 3rd tries for Home, SAFE, no throw or cutoff
|
Batting: RHB John Moore
|
0-0: Ball 1-0: Ball 2-0: SINGLE (Groundball, 6MD) (infield hit) Ricardo González to third
|
Batting: LHB Dave Dodd
|
0-0: Called Strike 0-1: Ball 1-1: Ball 2-1: Ball 3-1: 3-RUN HOME RUN (Flyball, 78XD), Distance : 413 ft
|
Pitching: RHP Rikiya Sakurai
|
|
Batting: RHB Matt Doyle
|
0-0: Called Strike 0-1: Ball 1-1: Swinging Strike 1-2: Strikes out swinging
|
Bottom of the 8th over - 5 run(s), 5 hit(s), 0 error(s), 0 left on base; Kalamazoo 3 - Jersey Shore 8 |
TOP OF THE 9TH |
Kalamazoo Royale with Cheese batting - Pitching for Jersey Shore D-Bags : RHP Paco Gutiérrez
|
Now in LF: Wilson Martínez
|
|
Batting: RHB Fernando Martínez
|
0-0: Ball 1-0: Ball 2-0: Fly out, F6 (Popup, 6M)
|
Batting: LHB Robinson Fernández
|
0-0: Called Strike 0-1: Ball 1-1: SINGLE (Groundball, 25) (infield hit)
|
Batting: LHB William Ruffo
|
0-0: Ball 1-0: Called Strike 1-1: Foul Ball, location: 2F 1-2: Foul Ball, location: 2F 1-2: Ball 2-2: Ball 3-2: Foul Ball, location: 2F 3-2: DOUBLE (Line Drive, 7LM) Robinson Fernández to third Runner from 3rd tries for Home, SAFE, throw made home
|
Pitching: LHP Hyo-chin Kim
|
|
Batting: LHB Seung-woo Yi
|
0-0: Called Strike 0-1: Foul Ball, location: 2F 0-2: Strikes out looking
|
Batting: RHB Run-ming Zhu
|
0-0: Ball 1-0: Ball 2-0: 2-RUN HOME RUN (Flyball, 7D), Distance : 379 ft
|
Pitching: LHP Gerald Johnson
|
|
Batting: RHB Miguel Encarnación
|
0-0: Ball 1-0: Ball 2-0: Ball 3-0: Base on Balls
|
Batting: LHB Bill McJannett
|
0-0: Ball 1-0: Ball 2-0: Called Strike 2-1: Foul Ball, location: 2F 2-2: Foul Ball, location: 2F 2-2: Strikes out looking
|
Top of the 9th over - 3 run(s), 3 hit(s), 0 error(s), 1 left on base; Kalamazoo 6 - Jersey Shore 8 |
|